 Dungeon Crawl Stone Soup version 0.28-a0-687-gb91baff9cc (webtiles) character file.

Game seed: 4333336167809739059

54 acebull12 the Magician (level 4, -5/31 HPs)
             Began as a Djinni Hedge Wizard on Oct 20, 2021.
             Was a Follower of Wu Jian.
             Killed from afar by Sigmund (7 damage)
             ... with a magic dart
             ... on level 2 of the Dungeon.
             The game lasted 00:09:44 (3119 turns).

acebull12 the Magician (Djinni Hedge Wizard)        Turns: 3119, Time: 00:09:45

Health: -5/31      AC:  2    Str:  9    XL:     4   Next: 12%
Gold:   41         EV: 12    Int: 16    God:    Wu Jian [*.....] SH:  0 Dex: 13

rFire   + + .      SeeInvis .   i - staff of air
rCold   x . .      Faith    .   (no shield)
rNeg    . . .      Spirit   .   b - +0 robe
rPois   ∞          Reflect  .   c - +0 hat
rElec   +          Harm     .   (no cloak)
rCorr   .          Rampage  .   (no gloves)
Will    .....                   (boots unavailable)
Stlth   ++........              (no amulet)
HPRegen 0.10/turn               (no ring)
MPRegen 0.00/turn               (no ring)

@: flying
A: sickness immunity, fire resistance 2, cold vulnerability 1, float, innate
caster, hp casting, extra vitality 1
a: Renounce Religion


You were on level 2 of the Dungeon.
You worshipped Wu Jian.
Wu Jian was aware of your devotion.
You visited 1 branch of the dungeon, and saw 2 of its levels.

You collected 41 gold pieces.

Inventory:

Hand Weapons
 a - a +0 dagger
Missiles
 e - 85 stones
Armour
 b - a +0 robe (worn)
 c - a +0 hat (worn)
Magical Staves
 i - a staff of air (weapon)
Jewellery
 n - a ring of protection from cold
Scrolls
 f - a scroll of teleportation {unknown}
 j - a scroll of immolation {unknown}
 l - a scroll of identify {unknown}
 m - a scroll of fog {unknown}
Potions
 d - a potion of brilliance {unknown}
 g - 2 potions of haste {unknown}
 h - a potion of ambrosia {unknown}
 k - 2 potions of mutation {unknown}


   Skills:
 * Level 0.7 Fighting
 + Level 2.3 Dodging
 - Level 1.5 Stealth
 * Level 3.4 Spellcasting


You couldn't memorise any spells.
You knew the following spells:

 Your Spells              Type           Power      Damage    Failure   Level
a - Magic Dart            Conj           52%        1d5       4%          1
b - Blink                 Tloc           N/A        N/A       6%          2
c - Call Imp              Summ           13%        N/A       6%          2
d - Slow                  Hex            13%        N/A       6%          2
e - Conjure Flame         Conj/Fire      13%        6-21      13%         3
f - Mephitic Cloud        Conj/Pois/Air  20%        N/A       13%         3
g - Freeze                Ice            52%        1d7       4%          1
Your spell library was empty.

Dungeon Overview and Level Annotations

Branches:
Dungeon (2/15)

Altars:
Trog
Wu Jian

Annotations:
D:2 Sigmund


Innate Abilities, Weirdness & Mutations

You are immune to sickness and miasma.
You are immune to poison.
Your flesh is very heat resistant. (rF++)
You are vulnerable to cold. (rC-)
You float through the air rather than walking.
You learn spells naturally, not from books.
Your magical power is your life essence.
You have superior vitality. (+4 HP)


Message History

Okay, then.
You bump into the rock wall.
Sigmund hits you from afar with a +0 scythe.
Sigmund points at you and mumbles some strange words.
You are more confused.
You closely miss Sigmund. Sigmund hits you with a +0 scythe.
Found a robe.
Sigmund barely misses you. Sigmund hits you with a +0 scythe.
Sigmund gestures at you while chanting. The magic dart hits you.
You bump into the rock wall.
Sigmund barely misses you.
You bump into the rock wall.
Sigmund closely misses you.
You're too confused to cast spells.
Okay, then.
You're too confused to cast spells.
Okay, then.
You're too confused to cast spells.
You feel less confused. Sigmund gestures at you while chanting.
The magic dart hits you!
* * * LOW HITPOINT WARNING * * *
Sigmund screams, "Die, monster!"
Casting: Magic Dart (safe; 4% risk of failure)
Confirm with . or Enter, or press ? or * to list all spells.
Aiming: Magic Dart (safe; 4% risk of failure)
Press: ? - help, Shift-Dir - straight line, f/p - Sigmund
Aim: Sigmund, wielding a +0 scythe and wearing a +0 robe (100% to hit)
The magic dart hits Sigmund.
Sigmund is lightly wounded.
* * * LOW HITPOINT WARNING * * *
Sigmund casts a spell.
Sigmund flickers and vanishes!
Deactivating autopickup; reactivate with Ctrl-A.
A magic dart appears from out of thin air!
The magic dart hits you.
* * * LOW HITPOINT WARNING * * *
Something tries to affect you, but you resist.
A magic dart appears from out of thin air!
The magic dart hits you!
You die...

.# #.# ##### ..#
#.# # #.# #.# #
..# #.# # #.# #..
# #.# ###. #
#.####....###### #
#.#............###
#@#...............
#..............#..
#..........#...._.
#.._.$....##.#..##
#.......(.........
#.{...#..###.#.#..
#............#.#..
###.###..##.......
#.# #..###.#.#..


There were no monsters in sight!

Vanquished Creatures
  Robin (D:2)
  An adder (D:2)
  2 dart slugs (D:1)
  3 ball pythons
  2 bats
  8 goblins
  5 hobgoblins
  2 kobolds (D:1)
  A quokka (D:1)
  A frilled lizard (D:2)
  4 rats
30 creatures vanquished.

Notes
Turn   | Place    | Note
-------+----------+-------------------------------------------
     0 | D:1      | acebull12 the Djinni Hedge Wizard began the quest for the
                  | Orb.
     0 | D:1      | Reached XP level 1. HP: 15/15 MP: 0/0
   504 | D:1      | Reached XP level 2. HP: 18/22 MP: 0/0
  1353 | D:1      | Reached skill level 3 in Spellcasting
  1885 | D:1      | Reached XP level 3. HP: 17/26 MP: 0/0
  1885 | D:1      | Learned a level 1 spell: Freeze
  2045 | D:2      | Noticed Sigmund
  2364 | D:2      | Noticed Robin
  2659 | D:2      | Killed Robin
  2927 | D:2      | Reached XP level 4. HP: 22/31 MP: 0/0
  3031 | D:2      | Found a faded altar of an unknown god.
  3039 | D:2      | Prayed at the altar of an unknown god.
  3039 | D:2      | Became a worshipper of the Wu Jian Council
  3039 | D:2      | Reached * piety under Wu Jian
  3045 | D:2      | Found a bloodstained altar of Trog.
  3116 | D:2      | HP: 1/31 [something/magic dart (5)]
  3119 | D:2      | Killed from afar by Sigmund

Illustrated notes

Levels and vault maps discovered:
D:1:      mainiacjoe_arrival_reflecting_pool, layout_basic, minmay_misc_feat_iff
D:2:      layout_loops_ring, ebering_ecumenical_altar_rust, basic_altar,
          roderic_roman_lattice, uniq_robin, uniq_sigmund

Skill      XL: |  1  2 |
---------------+-------+-----
Spellcasting   | 3 |  3.4
Fighting       | |  0.7
Dodging        | |  2.3
Stealth        | |  1.5

Action                   |  1- 3 |  4- 6 || total
-------------------------+-------+-------++-------
Melee: Dagger            |     5 |       ||     5
       Staff             |    24 |     6 ||    30
 Cast: Magic Dart        |    63 |     5 ||    68
       Mephitic Cloud    |     2 |       ||     2
       Slow              |     1 |       ||     1
       Freeze            |     1 |       ||     1
Armor: Robe              |     5 |       ||     5
Dodge: Dodged            |    28 |     7 ||    35

Table legend: (Time is in decaauts)
 A = Elapsed time spent in this place.
 B = Non-inter-level travel time spent in this place.
 C = Inter-level travel time spent in this place.
 D = Time resting spent in this place.
 E = Time spent auto-exploring this place.
 F = Levels seen in this place.
 G = Mean time per level.
                   A        B        C        D        E       F      G
               +--------+--------+--------+--------+--------+-----+--------+
         Total |   3129 |   2923 |    206 |    785 |   1759 |   2 | 1564.5 |
       Dungeon |   3129 |   2923 |    206 |    785 |   1759 |   2 | 1564.5 |
               +--------+--------+--------+--------+--------+-----+--------+

Top non-repeatable levels by time:
     D:1: 2488 daAuts
     D:2: 640 daAuts
